General information
			
			
        
        - name: BNet
 
        - type: Ladder team game (AT/RT)
 
        - host: Battle.net
 
        - saver: DASOCKBANDIT
 
        
map: DragonFalls 
        - players: 8
 
        - length: 26:12
 
        - speed: Fast
 - version: 1.22 W3XP
 - replay type:  Public
 
» download(300 KB)
Players
        team 1 (loser) 
              
              
atouchofherlips (
teal | 112 APM | 2920 actions | 26:09)
              
 3 Death Knight 
 2 Death Coil
 1 Unholy Aura
 2 Lich 
 1 Frost Nova
 1 Frost Armor
 1 Dreadlord 
 1 Sleep
 
                » actions 
                
                | Assign group hotkey | 86 |  | 
| Basic commands | 10 |  | 
| Build / train | 82 |  | 
| Enter build submenu | 20 |  | 
| Enter hero's abilities submenu | 6 |  | 
| Give item / drop item | 1 |  | 
| Remove unit from queue | 3 |  | 
| Right click | 1098 |  | 
| Select / deselect | 383 |  | 
| Select group hotkey | 1108 |  | 
| Use ability | 123 |  | 
                2920 total
 » units 
                
                | Acolyte | 7 |  | 
| Ghoul | 6 |  | 
| Crypt Fiend | 7 |  | 
| Frost Wyrm | 11 |  | 
| Obsidian Statue | 2 |  | 
                33 total
 » upgrades
                
                | Creature Attack | 2 |  | 
| Creature Carapace | 3 |  | 
| Burrow | 1 |  | 
| Web | 1 |  | 
| Destroyer Form | 1 |  | 
| Freezing Breath | 1 |  | 
                9 total
 » buildings
                
                | Crypt | 1 |  | 
| Graveyard | 1 |  | 
| Altar of Darkness | 1 |  | 
| Ziggurat | 7 |  | 
| Tomb of Relics | 1 |  | 
| Nerubian Tower | 2 |  | 
| Spirit Tower | 3 |  | 
| Halls of the Dead | 3 |  | 
| Necropolis | 2 |  | 
| Black Citadel | 2 |  | 
| Sacrificial Pit | 1 |  | 
| Boneyard | 4 |  | 
| Slaughterhouse | 1 |  | 
                29 total
 » build order
                00:08 Crypt
00:24 Graveyard
00:45 Altar of Darkness
01:01 Ziggurat
01:32 Tomb of Relics
02:02 Ziggurat
03:23 Nerubian Tower
05:06 Ziggurat
05:36 Ziggurat
05:37 Ziggurat
05:59 Spirit Tower
06:01 Ziggurat
06:33 Halls of the Dead
06:38 Nerubian Tower
07:40 Spirit Tower
07:42 Ziggurat
07:46 Spirit Tower
07:52 Necropolis
08:55 Black Citadel
08:55 Black Citadel
10:05 Sacrificial Pit
11:31 Boneyard
11:32 Boneyard
11:34 Boneyard
12:07 Boneyard
12:53 Spirit Tower
13:53 Necropolis
17:30 Slaughterhouse
» items
                
                | Rod of Necromancy | 2 |  | 
| Sacrificial Skull | 1 |  | 
| Potion of Healing | 3 |  | 
| Potion of Mana | 2 |  | 
| Scroll of Town Portal | 3 |  | 
| Scroll of Healing | 3 |  | 
| Orb of Corruption | 1 |  | 
| Dust of Appearance | 1 |  | 
                16 total
  
               
              
              
» 
dwightshrute. (
red | 95 APM | 2481 actions | 26:07)
              
 4 Mountain King 
 2 Storm Bolt
 2 Bash
 2 Paladin 
 1 Holy Light
 1 Divine Shield
 
                » actions 
                
                | Assign group hotkey | 97 |  | 
| Basic commands | 38 |  | 
| Build / train | 79 |  | 
| ESC pressed | 4 |  | 
| Enter build submenu | 24 |  | 
| Enter hero's abilities submenu | 7 |  | 
| Give item / drop item | 7 |  | 
| Right click | 1427 |  | 
| Select / deselect | 320 |  | 
| Select group hotkey | 339 |  | 
| Use ability | 139 |  | 
                2481 total
 » units 
                
                | Peasant | 22 |  | 
| Footman | 9 |  | 
| Gryphon Rider | 4 |  | 
                35 total
 » upgrades
                
                | Defend | 1 |  | 
| Masonry | 2 |  | 
| Lumber Harvesting | 2 |  | 
| Swords | 1 |  | 
| Storm Hammers | 1 |  | 
| Animal War Training | 1 |  | 
| Armor | 1 |  | 
                9 total
 » buildings
                
                | Altar of Kings | 1 |  | 
| Farm | 9 |  | 
| Barracks | 1 |  | 
| Scout Tower | 1 |  | 
| Arcane Vault | 1 |  | 
| Arcane Tower | 2 |  | 
| Lumber Mill | 1 |  | 
| Keep | 1 |  | 
| Town Hall | 3 |  | 
| Castle | 2 |  | 
| Blacksmith | 1 |  | 
| Gryphon Aviary | 2 |  | 
                25 total
 » build order
                00:17 Altar of Kings
00:20 Farm
00:41 Barracks
01:02 Farm
01:54 Scout Tower
02:16 Arcane Vault
02:19 Farm
02:26 Arcane Tower
02:46 Farm
03:14 Lumber Mill
03:47 Keep
04:00 Farm
07:41 Town Hall
07:44 Farm
10:04 Castle
10:07 Blacksmith
10:50 Farm
12:27 Gryphon Aviary
12:28 Gryphon Aviary
13:50 Farm
14:53 Town Hall
17:29 Farm
19:01 Town Hall
» items
                
                | Lesser Clarity Potion | 5 |  | 
| Scroll of Regeneration | 6 |  | 
| Scroll of Town Portal | 4 |  | 
| Potion of Healing | 3 |  | 
                18 total
  
               
              
              
SecertLogin (
orange | 127 APM | 3302 actions | 25:58)
              
 6 Death Knight 
 3 Death Coil
 2 Unholy Aura
 1 Animate Dead
 4 Lich 
 2 Frost Nova
 2 Frost Armor
 2 Dreadlord 
 1 Sleep
 1 Carrion Swarm
 
                » actions 
                
                | Assign group hotkey | 110 |  | 
| Basic commands | 282 |  | 
| Build / train | 77 |  | 
| Enter build submenu | 18 |  | 
| Enter hero's abilities submenu | 14 |  | 
| Give item / drop item | 4 |  | 
| Remove unit from queue | 4 |  | 
| Right click | 1115 |  | 
| Select / deselect | 533 |  | 
| Select group hotkey | 993 |  | 
| Use ability | 152 |  | 
                3302 total
 » units 
                
                | Acolyte | 2 |  | 
| Ghoul | 5 |  | 
| Crypt Fiend | 8 |  | 
| Frost Wyrm | 8 |  | 
| Goblin Sapper | 2 |  | 
                25 total
 » upgrades
                
                | Creature Attack | 2 |  | 
| Web | 1 |  | 
| Creature Carapace | 3 |  | 
                6 total
 » buildings
                
                | Crypt | 1 |  | 
| Graveyard | 1 |  | 
| Altar of Darkness | 1 |  | 
| Ziggurat | 8 |  | 
| Tomb of Relics | 1 |  | 
| Halls of the Dead | 2 |  | 
| Black Citadel | 1 |  | 
| Sacrificial Pit | 1 |  | 
| Boneyard | 2 |  | 
                18 total
 » build order
                00:14 Crypt
00:26 Graveyard
00:42 Altar of Darkness
00:59 Ziggurat
01:15 Tomb of Relics
01:41 Ziggurat
04:15 Halls of the Dead
04:15 Halls of the Dead
04:43 Ziggurat
04:47 Ziggurat
07:06 Black Citadel
07:15 Ziggurat
08:02 Sacrificial Pit
09:41 Boneyard
10:33 Boneyard
12:09 Ziggurat
12:47 Ziggurat
13:22 Ziggurat
» items
                
                | Rod of Necromancy | 3 |  | 
| Dust of Appearance | 1 |  | 
| Scroll of Town Portal | 6 |  | 
| Orb of Corruption | 1 |  | 
| Potion of Mana | 4 |  | 
| Lesser Clarity Potion | 1 |  | 
                16 total
  
               
              
              
» 
Wert]Doof (
yellow | 108 APM | 2798 actions | 26:00)
              
 5 Keeper of the Grove 
 3 Entangling Roots
 2 Thorns Aura
 3 Priestess of the Moon 
 2 Trueshot Aura
 1 Searing Arrows
 
                » actions 
                
                | Assign group hotkey | 47 |  | 
| Basic commands | 39 |  | 
| Build / train | 92 |  | 
| Enter build submenu | 19 |  | 
| Enter hero's abilities submenu | 10 |  | 
| Right click | 1260 |  | 
| Select / deselect | 405 |  | 
| Select group hotkey | 813 |  | 
| Use ability | 113 |  | 
                2798 total
 » units 
                
                | Wisp | 28 |  | 
| Huntress | 9 |  | 
| Dryad | 12 |  | 
| Druid of the Claw | 1 |  | 
                50 total
 » upgrades
                
                | Druid of the Claw Training | 2 |  | 
| Strength of the Wild | 2 |  | 
| Mark of the Claw | 1 |  | 
| Reinforced Hides | 1 |  | 
| Nature's Blessing | 1 |  | 
| Abolish Magic | 1 |  | 
                8 total
 » buildings
                
                | Altar of Elders | 1 |  | 
| Moon Well | 6 |  | 
| Ancient of War | 2 |  | 
| Hunter's Hall | 1 |  | 
| Tree of Life | 4 |  | 
| Tree of Ages | 1 |  | 
| Ancient of Wonders | 1 |  | 
| Ancient of Lore | 3 |  | 
| Tree of Eternity | 4 |  | 
                23 total
 » build order
                00:17 Altar of Elders
00:23 Moon Well
01:52 Ancient of War
01:57 Hunter's Hall
02:18 Ancient of War
02:43 Moon Well
02:55 Moon Well
05:11 Moon Well
05:35 Tree of Life
06:48 Tree of Ages
08:12 Moon Well
08:57 Ancient of Wonders
09:54 Ancient of Lore
10:32 Ancient of Lore
11:22 Tree of Eternity
11:22 Tree of Eternity
11:22 Tree of Eternity
12:29 Ancient of Lore
15:15 Tree of Life
18:20 Tree of Life
20:24 Moon Well
21:47 Tree of Life
» items
                
                | Scroll of Town Portal | 10 |  | 
| Potion of Healing | 2 |  | 
| Anti-magic Potion | 1 |  | 
| Scroll of Healing | 2 |  | 
| Potion of Lesser Invulnerability | 1 |  | 
                16 total
  
               team 2 (winner) 
              
              
» 
boli (
pink | 95 APM | 2484 actions | 26:10)
              
 6 Death Knight 
 3 Death Coil
 2 Unholy Aura
 1 Animate Dead
 4 Lich 
 2 Frost Nova
 2 Dark Ritual
 
                » actions 
                
                | Assign group hotkey | 17 |  | 
| Basic commands | 191 |  | 
| Build / train | 93 |  | 
| ESC pressed | 3 |  | 
| Enter build submenu | 23 |  | 
| Enter hero's abilities submenu | 10 |  | 
| Give item / drop item | 4 |  | 
| Right click | 1098 |  | 
| Select / deselect | 366 |  | 
| Select group hotkey | 572 |  | 
| Use ability | 107 |  | 
                2484 total
 » units 
                
                | Acolyte | 10 |  | 
| Ghoul | 5 |  | 
| Crypt Fiend | 17 |  | 
| Obsidian Statue | 5 |  | 
| Frost Wyrm | 7 |  | 
| Green Dragon | 3 |  | 
                47 total
 » upgrades
                
                | Creature Attack | 3 |  | 
| Creature Carapace | 2 |  | 
| Web | 1 |  | 
| Burrow | 1 |  | 
| Destroyer Form | 1 |  | 
| Freezing Breath | 1 |  | 
                9 total
 » buildings
                
                | Graveyard | 1 |  | 
| Crypt | 1 |  | 
| Altar of Darkness | 1 |  | 
| Ziggurat | 6 |  | 
| Tomb of Relics | 1 |  | 
| Halls of the Dead | 2 |  | 
| Necropolis | 1 |  | 
| Spirit Tower | 1 |  | 
| Black Citadel | 2 |  | 
| Slaughterhouse | 1 |  | 
| Sacrificial Pit | 1 |  | 
| Boneyard | 1 |  | 
                19 total
 » build order
                00:06 Graveyard
00:09 Crypt
00:45 Altar of Darkness
00:55 Ziggurat
01:36 Tomb of Relics
01:57 Ziggurat
04:06 Ziggurat
05:14 Halls of the Dead
06:17 Necropolis
06:19 Ziggurat
06:21 Ziggurat
08:13 Spirit Tower
08:55 Black Citadel
09:49 Slaughterhouse
11:09 Sacrificial Pit
11:58 Boneyard
13:28 Ziggurat
» items
                
                | Rod of Necromancy | 3 |  | 
| Healing Salve | 1 |  | 
| Scroll of Town Portal | 5 |  | 
| Orb of Corruption | 1 |  | 
| Potion of Healing | 1 |  | 
                11 total
  
               
              
              
» 
DamThatRiver (
blue | 62 APM | 1625 actions | 26:10)
              
 4 Tauren Chieftain 
 2 Endurance Aura
 2 Shockwave
 2 Pandaren Brewmaster 
 1 Breath of Fire
 1 Drunken Haze
 
                » actions 
                
                | Assign group hotkey | 51 |  | 
| Basic commands | 30 |  | 
| Build / train | 81 |  | 
| Enter build submenu | 18 |  | 
| Enter hero's abilities submenu | 6 |  | 
| Give item / drop item | 6 |  | 
| Remove unit from queue | 1 |  | 
| Right click | 906 |  | 
| Select / deselect | 304 |  | 
| Select group hotkey | 122 |  | 
| Use ability | 100 |  | 
                1625 total
 » units 
                
                | Peon | 7 |  | 
| Grunt | 6 |  | 
| Raider | 7 |  | 
| Troll Batrider | 15 |  | 
| Shaman | 7 |  | 
| Wind Rider | 5 |  | 
                47 total
 » upgrades
                
                | Ensnare | 1 |  | 
| Pillage | 1 |  | 
| Shaman Training | 2 |  | 
| Armor | 1 |  | 
| Liquid Fire | 1 |  | 
| Reinforced Defenses | 1 |  | 
                7 total
 » buildings
                
                | Altar of Storms | 1 |  | 
| Orc Burrow | 5 |  | 
| Barracks | 1 |  | 
| War Mill | 1 |  | 
| Voodoo Lounge | 1 |  | 
| Stronghold | 1 |  | 
| Beastiary | 2 |  | 
| Watch Tower | 4 |  | 
| Spirit Lodge | 1 |  | 
| Fortress | 3 |  | 
                20 total
 » build order
                00:11 Altar of Storms
00:29 Orc Burrow
00:44 Barracks
02:02 Orc Burrow
02:32 War Mill
02:47 Voodoo Lounge
03:15 Stronghold
04:44 Orc Burrow
04:47 Orc Burrow
05:53 Beastiary
06:52 Watch Tower
06:54 Watch Tower
06:58 Watch Tower
11:07 Spirit Lodge
11:10 Fortress
11:11 Fortress
11:11 Fortress
13:28 Watch Tower
15:18 Beastiary
22:12 Orc Burrow
» items
                
                | Healing Salve | 5 |  | 
| Lesser Clarity Potion | 1 |  | 
| Scroll of Speed | 2 |  | 
| Scroll of Town Portal | 3 |  | 
| Potion of Healing | 1 |  | 
                12 total
  
               
              
              
» 
DASOCKBANDIT (
purple | 140 APM | 3663 actions | 26:12)
              
 5 Blademaster 
 3 Wind Walk
 2 Critical Strike
 5 Shadow Hunter 
 2 Hex
 3 Healing Wave
 4 Tauren Chieftain 
 2 War Stomp
 2 Endurance Aura
 
                » actions 
                
                | Assign group hotkey | 57 |  | 
| Build / train | 91 |  | 
| Enter build submenu | 15 |  | 
| Enter hero's abilities submenu | 14 |  | 
| Right click | 1561 |  | 
| Select / deselect | 598 |  | 
| Select group hotkey | 1169 |  | 
| Use ability | 158 |  | 
                3663 total
 » units 
                
                | Peon | 16 |  | 
| Grunt | 4 |  | 
| Troll Batrider | 20 |  | 
| Shaman | 6 |  | 
| Tauren | 4 |  | 
                50 total
 » upgrades
                
                | Shaman Training | 2 |  | 
| Liquid Fire | 1 |  | 
| Reinforced Defenses | 1 |  | 
| Pulverize | 1 |  | 
                5 total
 » buildings
                
                | Altar of Storms | 1 |  | 
| Orc Burrow | 6 |  | 
| Barracks | 1 |  | 
| Voodoo Lounge | 1 |  | 
| Stronghold | 1 |  | 
| Fortress | 2 |  | 
| Beastiary | 2 |  | 
| Spirit Lodge | 1 |  | 
| War Mill | 1 |  | 
| Tauren Totem | 1 |  | 
                17 total
 » build order
                00:06 Altar of Storms
00:24 Orc Burrow
00:39 Barracks
01:31 Orc Burrow
02:10 Voodoo Lounge
03:02 Stronghold
03:43 Orc Burrow
05:31 Fortress
05:31 Fortress
05:36 Beastiary
05:48 Orc Burrow
06:24 Spirit Lodge
08:14 Orc Burrow
09:58 War Mill
11:20 Tauren Totem
12:14 Orc Burrow
19:32 Beastiary
» items
                
                | Lesser Clarity Potion | 4 |  | 
| Healing Salve | 2 |  | 
| Scroll of Town Portal | 4 |  | 
| Orb of Lightning | 1 |  | 
| Tiny Great Hall | 2 |  | 
                13 total
  
               
              
              
Ze.Rath3isaFaig (
green | 100 APM | 2626 actions | 26:10)
              
 5 Death Knight 
 3 Death Coil
 1 Unholy Aura
 1 Death Pact
 4 Lich 
 2 Frost Nova
 2 Frost Armor
 
                » actions 
                
                | Assign group hotkey | 32 |  | 
| Basic commands | 594 |  | 
| Build / train | 81 |  | 
| Enter build submenu | 25 |  | 
| Enter hero's abilities submenu | 9 |  | 
| Remove unit from queue | 2 |  | 
| Right click | 804 |  | 
| Select / deselect | 567 |  | 
| Select group hotkey | 394 |  | 
| Use ability | 117 |  | 
                2626 total
 » units 
                
                | Acolyte | 12 |  | 
| Ghoul | 2 |  | 
| Crypt Fiend | 12 |  | 
| Furbolg Shaman | 5 |  | 
| Thunder Lizard | 1 |  | 
| Frost Wyrm | 10 |  | 
                42 total
 » upgrades
                
                | Web | 1 |  | 
| Creature Carapace | 3 |  | 
| Creature Attack | 3 |  | 
                7 total
 » buildings
                
                | Graveyard | 1 |  | 
| Crypt | 1 |  | 
| Altar of Darkness | 1 |  | 
| Ziggurat | 6 |  | 
| Tomb of Relics | 1 |  | 
| Halls of the Dead | 1 |  | 
| Necropolis | 1 |  | 
| Black Citadel | 1 |  | 
| Sacrificial Pit | 2 |  | 
| Boneyard | 2 |  | 
                17 total
 » build order
                00:42 Graveyard
00:55 Crypt
01:02 Altar of Darkness
01:05 Ziggurat
01:19 Ziggurat
01:35 Tomb of Relics
03:48 Halls of the Dead
04:31 Ziggurat
05:08 Necropolis
08:16 Black Citadel
08:18 Sacrificial Pit
10:31 Sacrificial Pit
11:07 Boneyard
11:21 Boneyard
12:06 Ziggurat
12:06 Ziggurat
22:13 Ziggurat
» items
                
                | Rod of Necromancy | 1 |  | 
| Healing Salve | 1 |  | 
| Orb of Corruption | 1 |  | 
| Potion of Healing | 3 |  | 
| Scroll of Healing | 3 |  | 
| Scroll of Town Portal | 3 |  | 
| Orb of Lightning | 1 |  | 
| Scroll of Speed | 1 |  | 
                14 total
  
                Chat log
          (00:02 / All) dwightshrute.: makes me ill
(00:08 / All) DamThatRiver: well i only saw 1
(00:10 / All) DASOCKBANDIT: hi
(00:19 / Allies) Ze.Rath3isaFaig: gotta fucking bring it on this one
(00:35 / All) Wert]Doof: gl hf gents
(00:55 / All) atouchofherlips: no silly banshees corr we need to beat them - jack
(01:00 / All) dwightshrute.: hahah
(01:01 / All) DASOCKBANDIT: rofl really
(01:05 / All) DamThatRiver: CORR
(01:06 / All) atouchofherlips: ya lol
(01:07 / All) atouchofherlips: ?
(01:08 / All) DamThatRiver: STAB PLZ
(01:10 / All) dwightshrute.: he wants to bring banshees mainstream
(01:11 / All) atouchofherlips: stab for me river
(01:19 / All) DamThatRiver: u stab for me
(01:19 / All) atouchofherlips: u think i can do it mike?
(01:21 / All) DamThatRiver: ?:(
(01:26 / All) DASOCKBANDIT: idk corr
(01:40 / All) dwightshrute.: imma go on ur vent and spy on u
(01:40 / Allies) Ze.Rath3isaFaig: heh doof is ne
(01:41 / All) boli: my heart melts
(01:42 / Allies) Ze.Rath3isaFaig: never seen that before
(01:44 / All) boli: when im around you
(01:57 / All) DASOCKBANDIT: oh no
(02:09 / All) atouchofherlips: wes
(02:15 / All) atouchofherlips: u using that name?
(02:21 / All) Ze.Rath3isaFaig: what name?
(02:24 / All) atouchofherlips: this one
(02:27 / All) atouchofherlips: for rt again?
(02:29 / All) Wert]Doof: nice races fags
(02:34 / All) boli: it was rando
(02:36 / All) boli: i swear
(02:40 / All) Wert]Doof: lol
(03:01 / All) DASOCKBANDIT: wasted ur bolt
(03:05 / All) dwightshrute.: nah
(03:07 / All) dwightshrute.: wise bolt
(03:18 / All) DASOCKBANDIT: why
(03:59 / All) DASOCKBANDIT: no corr let me have it
(04:13 / All) DASOCKBANDIT: blight expoing u guys really want this one
(04:50 / All) DASOCKBANDIT: towering the expo for corr nice tactic
(05:03 / All) atouchofherlips: ;\
(05:03 / All) dwightshrute.: last ww t.t
(05:12 / All) DASOCKBANDIT: im 11 mana away
(05:18 / Allies) DamThatRiver: salve mne
(05:19 / All) dwightshrute.: fag lol
(05:22 / Allies) DamThatRiver: plz
(05:28 / All) DASOCKBANDIT: k i lied but u weren't paying attention
(05:37 / All) dwightshrute.: ha
(05:38 / All) DASOCKBANDIT: i was dead there
(05:47 / Allies) Ze.Rath3isaFaig: lets go
(05:56 / Allies) DASOCKBANDIT: lets push alvin sh is almost out
(06:00 / Allies) Ze.Rath3isaFaig: we can't let them creep
(06:12 / Allies) boli: pushing
(06:15 / Allies) DASOCKBANDIT: i have like no exp
(06:18 / Allies) DASOCKBANDIT: i just been bothering them
(06:31 / Allies) DASOCKBANDIT: coming with 4 grunts bm sh
(06:45 / Allies) boli: out wes
(06:54 / Allies) Ze.Rath3isaFaig: FUCK
(06:56 / Allies) Ze.Rath3isaFaig: WHY WON TI TP
(06:57 / Allies) Ze.Rath3isaFaig: GO DMANTI
(07:24 / Allies) Ze.Rath3isaFaig: tp her eplase
(08:28 / Allies) DASOCKBANDIT: im walking alvin sorry
(09:22 / Allies) boli: wood
(10:51 / All) DASOCKBANDIT: thats relaly gay
(10:55 / Allies) boli: wood
(11:13 / Allies) Ze.Rath3isaFaig: dam pas sme 100
(11:14 / Allies) Ze.Rath3isaFaig: please
(11:31 / Allies) Ze.Rath3isaFaig: 100 more pelase
(11:42 / Allies) Ze.Rath3isaFaig: go go
(12:27 / All) DASOCKBANDIT: im a hero clicking machine
(12:32 / Allies) Ze.Rath3isaFaig: out
(13:06 / Allies) Ze.Rath3isaFaig: just need wood blue, 100 more pelase
(13:16 / Allies) Ze.Rath3isaFaig: want to jsut meet?
(13:19 / Allies) Ze.Rath3isaFaig: or keep split?
(13:24 / Allies) Ze.Rath3isaFaig: mass frost pumping
(13:32 / Allies) Ze.Rath3isaFaig: k
(13:32 / All) atouchofherlips: dont kill my wood ;\
(13:35 / Allies) DamThatRiver: bats and lust coming
(13:44 / Allies) Ze.Rath3isaFaig: han gon stay back
(14:07 / Allies) Ze.Rath3isaFaig: dam
(14:09 / Allies) Ze.Rath3isaFaig: walk there now
(15:14 / Allies) Ze.Rath3isaFaig: fuck i really need a tp thsi tiem
(16:20 / All) Ze.Rath3isaFaig: FIgh now
(16:21 / Allies) Ze.Rath3isaFaig: ]fihgt
(17:07 / Allies) DASOCKBANDIT: hit that jill
(17:28 / Allies) Ze.Rath3isaFaig: k
(18:06 / Allies) boli: out blue
(18:11 / Allies) DASOCKBANDIT: tp out
(18:14 / Allies) DASOCKBANDIT: gj
(18:55 / Allies) Ze.Rath3isaFaig: k lets go now
(20:39 / Allies) Ze.Rath3isaFaig: let it go
(20:47 / Allies) Ze.Rath3isaFaig: whoa
(21:10 / Allies) DASOCKBANDIT: kill this
(21:22 / Allies) DamThatRiver: cant afford tp
(21:50 / Allies) Ze.Rath3isaFaig: ehh han gon
(21:50 / Allies) DamThatRiver: k
(22:03 / Allies) DamThatRiver: what?
(22:08 / Allies) Ze.Rath3isaFaig: ned a tp man sorry
(22:17 / Allies) DASOCKBANDIT: everyone tp
(22:21 / Allies) boli: t
(22:25 / Allies) Ze.Rath3isaFaig: go t now
(23:29 / Allies) DamThatRiver: we win?
(23:32 / Allies) DASOCKBANDIT: split up kill expos
(23:34 / Allies) DASOCKBANDIT: looks like it
(24:00 / Allies) boli: get that
(24:13 / Allies) DASOCKBANDIT: let alvin get dragon
(24:17 / Allies) DamThatRiver: i am
(24:29 / Allies) DASOCKBANDIT: blue/green
(24:32 / Allies) DASOCKBANDIT: go to yellowsl expo
(24:50 / All) DASOCKBANDIT: ur gay corr
(24:54 / All) atouchofherlips: ;d
(25:10 / All) atouchofherlips: i like your random skills lol
(25:15 / Allies) Ze.Rath3isaFaig: come here meet
(25:16 / All) DASOCKBANDIT: did you see what strat i did lol
(25:17 / Allies) Ze.Rath3isaFaig: blue come
(25:21 / All) DASOCKBANDIT: i had a 1--1-1 tri hero
(25:30 / All) atouchofherlips: i had 3-1-1 all game lol
(25:42 / All) DASOCKBANDIT: i went bm/raider/bat/shaman/tauren with no expo
(25:51 / All) atouchofherlips: thought u had mid
(25:55 / All) DASOCKBANDIT: for like a second
(25:57 / All) SecertLogin: gg
(25:59 / All) Wert]Doof: well gg
(26:02 / All) dwightshrute.: gg